 Dungeon Crawl Stone Soup version 0.30-a0-165-g1891117ce2 (webtiles) character file.

Game seed: 3365322695717916561

35 qw the Chopper (level 3, -1/23 HPs)
             Began as a Gargoyle Fighter on Sept 28, 2022.
             Slain by Sigmund
             ... wielding a +0 scythe
              (4 damage)
             ... on level 2 of the Dungeon.
             The game lasted 00:00:24 (1011 turns).

qw the Chopper (Gargoyle Fighter)                   Turns: 1011, Time: 00:00:25

Health: -1/23      AC: 13    Str: 21    XL:     3   Next: 33%
Magic:  3/3        EV:  7    Int:  8    God:
Gold:   41         SH:  4    Dex:  9    Spells: 2/2 levels left

rFire   . . .      SeeInvis .    Y - +0 war axe
rCold   . . .      Faith    .    c - +0 buckler
rNeg    + . .      Spirit   .    g - +0 chain mail
rPois   inf        Reflect  .    (no helmet)
rElec   +          Harm     .    j - +0 cloak
rCorr   .          Rampage  .    (no gloves)
Will    .....                    (no boots)
Stlth   ..........               (no amulet)
HPRegen 0.07/turn                (no ring)
MPRegen 0.08/turn                (no ring)

@: no status effects
A: sickness immunity, AC +3, negative energy resistance 1, electricity
resistance, torment resistance 1, petrification resistance
a: no special abilities


You were on level 2 of the Dungeon.
You visited 1 branch of the dungeon, and saw 2 of its levels.

You collected 41 gold pieces.


Innate Abilities, Weirdness & Mutations

You are immune to sickness and miasma.
Your stone body is resilient. (AC +3)
You are immune to poison.
You resist negative energy. (rN+)
You are resistant to electric shocks. (rElec)
You are resistant to unholy torment.
You are immune to petrification.


   Skills:
 - Level 3.2 Fighting
 + Level 3.3 Axes
 - Level 3.2 Armour
 - Level 3.2 Shields


You had 2 spell levels left.
You didn't know any spells.
Your spell library was empty.

Inventory:

Hand Weapons
 k - a +0 whip
 Y - a +0 war axe (weapon)
Armour
 c - a +0 buckler (worn)
 g - a +0 chain mail (worn)
 j - a +0 cloak (worn)
Scrolls
 a - a scroll of identify {unknown}
Potions
 b - a potion of invisibility {unknown}
 d - 3 potions of might
 e - 2 potions of lignification

Dungeon Overview and Level Annotations

Branches:
Dungeon (2/15)

Altars:

Annotations:
D:2 Sigmund


Message History

Sigmund is moderately wounded.
Sigmund gestures at you while chanting.
You are confused.
Sigmund hits you but does no damage. Sigmund gestures at you while chanting.
The magic dart hits you.
You hit Sigmund.
Sigmund is heavily wounded.
Sigmund casts a spell at you. The puff of flame misses you.
You hit Sigmund.
Sigmund is heavily wounded.
Sigmund casts a spell.
Sigmund flickers and vanishes!
Deactivating autopickup; reactivate with Ctrl-A.
Something hits you but does no damage.
You're too confused to attack without stumbling around!
There is a strange disturbance nearby!
You're too confused to attack without stumbling around!
There is a strange disturbance nearby!
You feel less confused. Something hits you.
You completely miss something. Something hits you.
You closely miss something. Something hits you.
You closely miss something. Something hits you.
You closely miss something. Something hits you but does no damage.
You barely miss something. Something hits you.
You barely miss something. You hit something but do no damage.
Something hits you.
You completely miss something. Something hits you but does no damage.
You hit something but do no damage. Something hits you.
You die...

.................#####
.....####.#......#
....####.........# .
......##.....#...# ..
%.........#########.#..
....##.....# ##.... ..
.......#.#.###..# .#
##..##.........###..###.
###############.@.......
##8# #.{....... #...
#$#8###8## ... #.### ..
#.. .. #.. #########
#..# ..>.#<..# #..#
.##.....# #...


There were no monsters in sight!

Vanquished Creatures
  An adder (D:2)
  A ball python (D:1)
  A bat (D:2)
  2 endoplasms (D:1)
  2 giant cockroaches (D:1)
  A hobgoblin (D:1)
  5 jackals (D:2)
  2 quokkas
  2 frilled lizards (D:1)
  A goblin (D:1)
  2 kobolds
  4 rats (D:1)
24 creatures vanquished.

Notes
Turn   | Place    | Note
-------+----------+-------------------------------------------
     0 | D:1      | qw the Gargoyle Fighter began the quest for the Orb.
     0 | D:1      | Reached XP level 1. HP: 14/14 MP: 1/1
     0 | D:1      | 0 ||| qw: Version: 0.2-a-12-gaebbb33
     0 | D:1      | 0 ||| qw: Game counter: 821
     0 | D:1      | 0 ||| qw: Always use a shield: true
     0 | D:1      | 0 ||| qw: God list: Okawaru
     0 | D:1      | 0 ||| qw: Allow faded altars: false
     0 | D:1      | 0 ||| qw: Do Orc after D:15 true
     0 | D:1      | 0 ||| qw: Do second Lair branch before Depths: true
     0 | D:1      | 0 ||| qw: Lair rune preference: random
     0 | D:1      | 0 ||| qw: Plans: Normal, Zot:1-4, God:TSO, Crypt, Tomb,
                  | Pan, Slime:5, Hells, Abyss, Orb
     0 | D:1      | 0 ||| PLANNING D:1-11
    11 | D:1      | Found a faded altar of an unknown god.
   197 | D:1      | 197 ||| DROPPING +3 mace of distortion.
   324 | D:1      | Reached XP level 2. HP: 19/19 MP: 2/2
   647 | D:1      | 647 ||| DROPPING +0 club.
   772 | D:1      | 772 ||| UPGRADING to +0 chain mail.
   782 | D:1      | 782 ||| DROPPING +0 scale mail.
   783 | D:1      | 783 ||| UPGRADING to +0 cloak.
   788 | D:1      | 788 ||| DROPPING ring of flight.
   789 | D:1      | 789 ||| READING scroll labelled SEHUHU WIVVEJU.
   790 | D:1      | 790 ||| READING scroll labelled LUFUIKUNUE.
   791 | D:1      | 791 ||| READING scroll labelled PESECI IMETUSM.
   795 | D:1      | 795 ||| DRINKING 3 smoky coppery potions.
   913 | D:2      | Reached skill level 3 in Axes
   917 | D:2      | Reached XP level 3. HP: 23/23 MP: 3/3
   942 | D:2      | 942 ||| Stepping ~*~*~tactically~*~*~ (stealth).
   986 | D:2      | Noticed Sigmund
   987 | D:2      | 987 ||| Stepping ~*~*~tactically~*~*~ (hiding).
  1009 | D:2      | HP: 3/23 [something (3)]
  1011 | D:2      | Slain by Sigmund

Levels and vault maps discovered:
D:1:      reono_arrival_forest_river, layout_basic, basic_ecumenical_altar,
          grunt_decor_clamped
D:2:      layout_rooms, basic_altar, serial_corexii_hall,
          corexii_hall_statues_l, chequers_hall_statues_corner_a, uniq_sigmund

Skill      XL: |  1  2 |
---------------+-------+-----
Axes           | 2 3 |  3.3
Fighting       | |  3.2
Armour         | |  3.2
Shields        | |  3.2

Action                   || total
-------------------------++-------
Melee: War axe           ||    83
  Use: Scroll            ||     3
       Potion            ||     1
Armor: Scale mail        ||    23
       Chain mail        ||    21
Dodge: Dodged            ||    25
Block: Buckler           ||    15

Table legend:
 A = Non-vault XP
 B = Vault XP
 C = Vault XP percentage of total XP
 D = Non-vault monster count
 E = Vault monster count
 F = Vault count percentage of total count
                 A         B        C        D         E       F
            +---------+---------+-------+---------+---------+-------
      Total |      50 |       0 |   0.0 |      24 |       0 |   0.0
            +---------+---------+-------+---------+---------+-------
        D:1 |      22 |       0 |   0.0 |      15 |       0 |   0.0
        D:2 |      28 |       0 |   0.0 |       9 |       0 |   0.0
            +---------+---------+-------+---------+---------+-------
